 Dungeon Crawl Stone Soup version 0.26.1-10-gdfb7c7de75 (webtiles) character file.

Game seed: 16776080523190583766

48 DwarfAlpaca the Skirmisher (level 3, 0/42 HPs)
             Began as an Ogre Fighter on Apr 4, 2021.
             Succumbed to an adder's poison
             ... on level 2 of the Dungeon.
             The game lasted 00:03:42 (1462 turns).

DwarfAlpaca the Skirmisher (Ogre Fighter)           Turns: 1462, Time: 00:03:42

Health: 0/42       AC:  7    Str: 21    XL:     3   Next: 72%
Magic:  3/3        EV: 23    Int:  9    God:
Gold:   86         SH:  8    Dex:  8    Spells: 2/2 levels left

rFire    . . .     SeeInvis .   a - +0 flail
rCold    . . .     Faith    .   c - +0 kite shield
rNeg     . . .     Spirit   .   b - +0 robe
rPois    .         Reflect  .   (helmet restricted)
rElec    .         Harm     .   (no cloak)
rCorr    .         Rampage  .   (gloves unavailable)
Will     .....                  (boots unavailable)
Stlth    +.........             j - amulet of the acrobat
HPRegen  0.14/turn              n - +4 ring of protection
MPRegen  0.08/turn              (no ring)

@: mighty, brilliant, lethally poisoned (0 -> -3), acrobat, attractive
A: large, unfitting armour, tough skin 1
a: no special abilities


You were on level 2 of the Dungeon.
You visited 1 branch of the dungeon, and saw 2 of its levels.

You collected 86 gold pieces.

Inventory:

Hand Weapons
 a - a +0 flail (weapon)
Armour
 b - a +0 robe (worn)
 c - a +0 kite shield (worn)
Jewellery
 j - an amulet of the acrobat (around neck)
 n - a +4 ring of protection (left hand)
Scrolls
 e - 2 scrolls of identify
 f - a scroll of fog
 i - a scroll of magic mapping


   Skills:
 * Level 5.5 Fighting
 + Level 2.4 Maces & Flails
 - Level 2.6 Dodging
 - Level 2.6 Shields


You had 2 spell levels left.
You didn't know any spells.
Your spell library was empty.

Dungeon Overview and Level Annotations

Branches:
Dungeon (2/15)

Altars:

Annotations:
D:2 Sigmund


Innate Abilities, Weirdness & Mutations

You are too large for most types of armour.
You have tough skin. (AC +1)


Message History

* * * LOW HITPOINT WARNING * * *
You feel sick.
Sigmund the Dreaded comes into view.
He is wielding a +0 scythe.
* * * LOW HITPOINT WARNING * * *
You feel sick.
Sigmund shouts!
Sigmund gestures at you while chanting.
You are confused.
Sigmund is pulled toward you! Sigmund is pulled toward you!
* * * LOW HITPOINT WARNING * * *
You feel sick. Sigmund closely misses you. Sigmund is pulled toward you!
Sigmund flickers, as though insubstantial.
Sigmund completely misses you. Sigmund is pulled toward you!
You miss Sigmund.
* * * LOW HITPOINT WARNING * * *
You feel sick. Sigmund barely misses you.
You bump into the rock wall.
You feel less confused.
You die...

##.......##.# *,,,,,,,* *,,,*
###.......#,***,*****.# *..,* #
#.......#,,,,,* *.###.,,***** #
#.......##*,***###*....,,,,,,,,
####......##.,,,,..#*...,,,,,,,,,
#≈≈.......##.,***#.#*..,,,,,,,,,,
≈≈........##..* #.#*.#**,,,*****
≈...).....##..####.##.# *,,,*
#...########..†.@.@...# *,,,*
≈...# #.##.##.#### *,,,* ≈≈..##
#.......# **,,,***** #≈≈..#
#######.#### *,,,,,,,**
####.####...# #.# *,,,,**,*,
#...........###.# ******,*,***,*,
#########.......# *,,,,,,,,,**,,,
######### *,*,,,,,,,,,,,*
*,*,**,,,,,,,,,


You could see Sigmund.

Vanquished Creatures
  An adder (D:2)
  2 worms
  A dart slug (D:2)
  6 bats
  2 giant cockroaches (D:1)
  5 goblins
  4 hobgoblins (D:1)
  3 kobolds (D:1)
  A ball python (D:1)
  6 rats
31 creatures vanquished.

Vanquished Creatures (others)
  7 toadstools (D:1)
7 creatures vanquished.

Grand Total: 38 creatures vanquished

Notes
Turn   | Place    | Note
-------+----------+-------------------------------------------
     0 | D:1      | DwarfAlpaca the Ogre Fighter began the quest for the Orb.
     0 | D:1      | Reached XP level 1. HP: 24/24 MP: 1/1
   457 | D:1      | Reached XP level 2. HP: 11/33 MP: 2/2
  1088 | D:1      | Reached skill level 5 in Fighting
  1292 | D:1      | Reached XP level 3. HP: 42/42 MP: 3/3
  1456 | D:2      | Noticed Sigmund
  1456 | D:2      | HP: 2/42 [poisoned by an adder]
  1462 | D:2      | Succumbed to an adder's poison

Illustrated notes

Levels and vault maps discovered:
D:1:      nagdon_arrival_double_spiral, layout_basic
D:2:      layout_loops_cross, nicolae_overflow_hidden_temple, kennysheep_nub,
          uniq_sigmund, uniq_natasha

Skill      XL: |  1  2 |
---------------+-------+-----
Maces & Flails | 2 |  2.4
Fighting       | 5 |  5.5
Dodging        | |  2.6
Shields        | |  2.6

Action                   || total
-------------------------++-------
Melee: Flail             ||   125
  Use: Scroll            ||     5
       Potion            ||     3
Armor: Robe              ||    40
Dodge: Dodged            ||    61
Block: Kite shield       ||    66
